[Event "68th Warsaw-ch-A 2019"]
[Site "Warsaw"]
[Date "2019.11.14"]
[Round "3.3"]
[White "Deszczynski, Adam"]
[Black "Mickiewicz, Piotr"]
[Result "1-0"]
[ECO "B85"]
[WhiteElo "2291"]
[BlackElo "2216"]
[Annotator "NA RC"]
[PlyCount "64"]
[EventDate "2019.11.14"]
[EventType "swiss"]
[EventCountry "POL"]
[SourceTitle "playchess.com"]
[Source "ChessBase"]
[SourceQuality "1"]
[TimeControl "5400+30"]

1. e4 c5 2. Nf3 e6 3. d4 cxd4 4. Nxd4 Nf6 5. Nc3 d6 6. Be2 a6 7. O-O Qc7 8. f4 Be7 9. Kh1 O-O 10. a4 Nc6 11. Nb3 b6 12. Be3 Bb7 13. Bf3 Rfe8 14. Qd2 Rab8 15. g4 d5 16. e5 Nxg4 17. Bd4 Nh6 18. Ne2 Nf5 19. c3 a5 20. Bg4 Ba6 21. Bxf5 exf5 22. Rg1 Bxe2 23. Qxe2 Nd8 24. Qh5 Ne6 25. Qxf5 Qc4 26. Nd2 Qe2 27. Rg2 Nxd4 28. cxd4 Qe3 29. Rag1 g6 30. Qg4 Rbc8 31. f5 Bb4 32. e6 Rc6 1-0

[Event "68th Warsaw-ch-A 2019"]
[Site "Warsaw"]
[Date "2019.11.14"]
[Round "3.5"]
[White "Chomczyk, Marek"]
[Black "Kaminski, Jan"]
[Result "1/2-1/2"]
[ECO "B35"]
[WhiteElo "2282"]
[BlackElo "2024"]
[Annotator "NA"]
[PlyCount "102"]
[EventDate "2019.11.14"]
[EventType "swiss"]
[EventCountry "POL"]
[SourceTitle "playchess.com"]
[Source "ChessBase"]
[SourceQuality "1"]
[TimeControl "5400+30"]

1. e4 c5 2. Nf3 g6 3. d4 cxd4 4. Nxd4 Nc6 5. Nc3 Bg7 6. Be3 Nf6 7. Bc4 O-O 8. Bb3 a5 9. O-O a4 10. Nxa4 Nxe4 11. Nb5 Ra6 12. c4 d6 13. Qe2 Nf6 14. Rad1 Na5 15. Bc2 Be6 16. b3 Nc6 17. Rfe1 Ng4 18. Bd4 Nxd4 19. Nxd4 Bxd4 20. Rxd4 Ne5 21. Be4 Qc7 22. Rd2 Bxc4 23. Qe3 Be6 24. Rc2 Nc6 25. Nc3 Nb4 26. Rcc1 Qd7 27. Bb1 Rc8 28. Qd4 Nc6 29. Qh4 Ne5 30. Ne4 Rxc1 31. Rxc1 Rc6 32. Re1 f6 33. f4 Nf7 34. Bd3 Qc8 35. h3 Rc1 36. Kh2 Rxe1 37. Qxe1 Bf5 38. Bc4 Kg7 39. a4 Qd7 40. Nc3 e5 41. Qd2 Be6 42. Nd5 Bxd5 43. Bxd5 Nd8 44. Bf3 Nc6 45. fxe5 fxe5 46. Qd5 Nd4 47. a5 Nxf3+ 48. gxf3 Qf7 49. Qxd6 Qxf3 50. Qxe5+ Kh6 51. Qb5 Qf2+ 1/2-1/2

[Event "68th Warsaw-ch-A 2019"]
[Site "Warsaw"]
[Date "2019.11.14"]
[Round "3.6"]
[White "Grochowski, Kosma"]
[Black "Wiech, Grzegorz"]
[Result "0-1"]
[ECO "B22"]
[WhiteElo "1920"]
[BlackElo "2219"]
[Annotator "RC"]
[PlyCount "136"]
[EventDate "2019.11.14"]
[EventType "swiss"]
[EventCountry "POL"]
[SourceTitle "playchess.com"]
[Source "ChessBase"]
[SourceQuality "1"]
[TimeControl "5400+30"]

1. e4 c5 2. c3 d5 3. exd5 Nf6 4. Nf3 Nxd5 5. d4 e6 6. c4 Nf6 7. Nc3 Be7 8. Be2 O-O 9. O-O cxd4 10. Nxd4 Bd7 11. Bf3 Qc8 12. Be3 Nc6 13. Nxc6 Bxc6 14. Bxc6 Qxc6 15. Qe2 Rac8 16. b3 a6 17. Rac1 Rfd8 18. Rfd1 Rxd1+ 19. Qxd1 Rd8 20. Qe2 Ne4 21. h3 f5 22. Qc2 Nxc3 23. Qxc3 Qe4 24. Qe1 Kf7 25. Kf1 Rd3 26. Qe2 g6 27. Rd1 Rxd1+ 28. Qxd1 f4 29. Bd4 Bf6 30. Bxf6 Kxf6 31. Qd8+ Ke5 32. Qh8+ Kd6 33. Qf8+ Kc6 34. Qc8+ Kb6 35. Qd8+ Kc5 36. Qd2 Qd4 37. Qa5+ Kc6 38. Ke2 e5 39. Qd2 Qe4+ 40. Kf1 Kb6 41. Qd6+ Ka7 42. Qc5+ Kb8 43. Qd6+ Kc8 44. Qd1 Qf5 45. Qd2 e4 46. Qd4 h5 47. a4 f3 48. Qd5 Qxd5 49. cxd5 Kd7 50. gxf3 exf3 51. Ke1 Kd6 52. Kd2 Kxd5 53. Ke3 Kc5 54. Kxf3 Kb4 55. Kf4 Kxb3 56. a5 Kb4 57. Kg5 Kxa5 58. Kxg6 b5 59. f4 b4 60. f5 b3 61. f6 b2 62. f7 b1=Q+ 63. Kg7 Qg1+ 64. Kh8 Qf2 65. Kg8 Qg3+ 66. Kh8 Qf4 67. h4 Kb6 68. Kg8 a5 0-1

[Event "68th Warsaw-ch-A 2019"]
[Site "Warsaw"]
[Date "2019.11.14"]
[Round "3.7"]
[White "Goslawski, Michal"]
[Black "Derylo, Kamil"]
[Result "1-0"]
[ECO "A05"]
[WhiteElo "2155"]
[BlackElo "1969"]
[Annotator "NA"]
[PlyCount "79"]
[EventDate "2019.11.14"]
[EventType "swiss"]
[EventCountry "POL"]
[SourceTitle "playchess.com"]
[Source "ChessBase"]
[SourceQuality "1"]
[TimeControl "5400+30"]

1. Nf3 Nf6 2. c4 e6 3. Nc3 d5 4. e3 c5 5. cxd5 Nxd5 6. Nxd5 exd5 7. d4 Nc6 8. Be2 Bd6 9. b3 O-O 10. O-O cxd4 11. Nxd4 Be5 12. Bb2 Qf6 13. Rc1 Nxd4 14. Bxd4 Bxd4 15. Qxd4 Qxd4 16. exd4 Be6 17. Rc7 Rfc8 18. Rfc1 Rxc7 19. Rxc7 Rc8 20. Rxb7 Rc1+ 21. Bf1 g6 22. g4 Bxg4 23. Kg2 Rc3 24. f3 Bxf3+ 25. Kf2 a5 26. Ra7 h5 27. Rxa5 Be4 28. Rc5 Rf3+ 29. Ke1 Re3+ 30. Kf2 Rf3+ 31. Ke1 h4 32. b4 Ra3 33. b5 Rxa2 34. b6 Ra1+ 35. Kf2 Ra2+ 36. Kg1 Ra1 37. b7 Rb1 38. Rb5 Rxf1+ 39. Kxf1 Bd3+ 40. Kf2 1-0

[Event "68th Warsaw-ch-A 2019"]
[Site "Warsaw"]
[Date "2019.11.14"]
[Round "3.8"]
[White "Sliwerski, Radoslaw"]
[Black "Janeczko, Jakub"]
[Result "1/2-1/2"]
[ECO "A43"]
[WhiteElo "2091"]
[BlackElo "1839"]
[Annotator "NA"]
[PlyCount "68"]
[EventDate "2019.11.14"]
[EventType "swiss"]
[EventCountry "POL"]
[SourceTitle "playchess.com"]
[Source "ChessBase"]
[SourceQuality "1"]
[TimeControl "5400+30"]

1. d4 c5 2. d5 g6 3. e4 d6 4. Nf3 Bg7 5. Be2 Nd7 6. O-O Ngf6 7. Nc3 O-O 8. Nd2 a6 9. a4 Re8 10. a5 b5 11. axb6 Nxb6 12. Nb3 Qc7 13. Bf4 Nfd7 14. Qd2 Ne5 15. Na5 Bd7 16. h3 Bh8 17. Ra2 e6 18. Be3 exd5 19. exd5 f5 20. Rfa1 Ra7 21. Bf1 Nf7 22. Nb3 Bxc3 23. bxc3 Ne5 24. Rxa6 Rxa6 25. Rxa6 Bc8 26. Ra1 Bb7 27. Rd1 Bxd5 28. c4 Bf7 29. Bf4 Nbxc4 30. Qc3 Nb6 31. Bb5 Rc8 32. Ba6 Re8 33. Bb5 Rc8 34. Ba6 Re8 1/2-1/2

[Event "68th Warsaw-ch-A 2019"]
[Site "Warsaw"]
[Date "2019.11.14"]
[Round "3.9"]
[White "Praczukowski, Stanislaw"]
[Black "Korcz, Daniel"]
[Result "1-0"]
[ECO "C63"]
[WhiteElo "2069"]
[BlackElo "1807"]
[Annotator "NA RC"]
[PlyCount "61"]
[EventDate "2019.11.14"]
[EventType "swiss"]
[EventCountry "POL"]
[SourceTitle "playchess.com"]
[Source "ChessBase"]
[SourceQuality "1"]
[TimeControl "5400+30"]

1. e4 e5 2. Nf3 Nc6 3. Bb5 f5 4. Nc3 fxe4 5. Nxe4 Nf6 6. Nxf6+ Qxf6 7. Qe2 Be7 8. Bxc6 bxc6 9. Qxe5 O-O 10. Qxf6 Bxf6 11. d4 Ba6 12. Be3 Rab8 13. Rb1 c5 14. Kd2 cxd4 15. Nxd4 c5 16. Nb3 d6 17. Rhe1 Bc4 18. c3 a5 19. Nc1 a4 20. b3 Rb7 21. b4 a3 22. g4 Rfb8 23. g5 cxb4 24. gxf6 bxc3+ 25. Kxc3 Rxb1 26. Kxc4 Rc8+ 27. Kd5 gxf6 28. Ke6 h5 29. Rg1+ Kh7 30. Kxf6 d5 31. Ke5 1-0

[Event "68th Warsaw-ch-A 2019"]
[Site "Warsaw"]
[Date "2019.11.14"]
[Round "3.10"]
[White "Liberadzki, Slawomir"]
[Black "Sacharewicz, Krzysztof"]
[Result "1-0"]
[ECO "A25"]
[WhiteElo "1999"]
[BlackElo "1860"]
[Annotator "NA RC"]
[PlyCount "77"]
[EventDate "2019.11.14"]
[EventType "swiss"]
[EventCountry "POL"]
[SourceTitle "playchess.com"]
[Source "ChessBase"]
[SourceQuality "1"]
[TimeControl "5400+30"]

1. c4 e5 2. Nc3 Nc6 3. g3 f5 4. Bg2 Nf6 5. d3 Bb4 6. Bd2 d6 7. a3 Bxc3 8. Bxc3 O-O 9. b4 Qe8 10. b5 Nd8 11. e3 c6 12. bxc6 bxc6 13. Ne2 Rb8 14. Qa4 a6 15. O-O Qg6 16. c5 f4 17. exf4 Qxd3 18. fxe5 Nd7 19. Qd1 Qxd1 20. Rfxd1 dxe5 21. Bh3 Nxc5 22. Bxe5 Ra8 23. Bg2 Bg4 24. Bd6 Bxe2 25. Re1 Re8 26. Bxc5 Bh5 27. Rec1 Re6 28. Bb6 Be8 29. a4 Rh6 30. a5 Nf7 31. Rc5 Rc8 32. Bf1 Ra8 33. Re1 Nd6 34. Rce5 Bf7 35. Be3 Re6 36. Rxe6 Bxe6 37. Bf4 Bf5 38. Be3 Be6 39. Bf4 1-0

[Event "68th Warsaw-ch-A 2019"]
[Site "Warsaw"]
[Date "2019.11.15"]
[Round "4.1"]
[White "Jarmula, Lukasz"]
[Black "Kozak, Antoni"]
[Result "1-0"]
[ECO "B23"]
[WhiteElo "2466"]
[BlackElo "2350"]
[Annotator "ChessBase"]
[PlyCount "61"]
[EventDate "2019.11.14"]
[EventType "swiss"]
[EventCountry "POL"]
[SourceTitle "playchess.com"]
[Source "ChessBase"]
[SourceQuality "1"]
[TimeControl "5400+30"]

1. e4 c5 2. Nc3 a6 3. Nge2 e6 4. g3 b5 5. Bg2 Bb7 6. d4 Nf6 7. d5 b4 8. Nb1 e5 9. a3 a5 10. O-O d6 11. axb4 cxb4 12. c3 Na6 13. Qa4+ Nd7 14. Be3 Nac5 15. Bxc5 dxc5 16. Nd2 Ba6 17. Rfe1 Bd6 18. Bh3 Ke7 19. Nb3 Qc7 20. Nxa5 Nb6 21. Nc6+ Kf6 22. Qc2 Bb5 23. cxb4 Bxc6 24. dxc6 cxb4 25. Rxa8 Rxa8 26. Nd4 exd4 27. e5+ Bxe5 28. Qf5+ Ke7 29. Rxe5+ Kf8 30. Re1 Re8 31. Qc5+ 1-0

[Event "68th Warsaw-ch-A 2019"]
[Site "Warsaw"]
[Date "2019.11.15"]
[Round "4.6"]
[White "Janeczko, Jakub"]
[Black "Chomczyk, Marek"]
[Result "0-1"]
[ECO "C50"]
[WhiteElo "1839"]
[BlackElo "2282"]
[Annotator "NA"]
[PlyCount "82"]
[EventDate "2019.11.14"]
[EventType "swiss"]
[EventCountry "POL"]
[SourceTitle "playchess.com"]
[Source "ChessBase"]
[SourceQuality "1"]
[TimeControl "5400+30"]

1. e4 e5 2. Nf3 Nc6 3. Bc4 Bc5 4. d3 Nf6 5. Nc3 d6 6. Bg5 h6 7. Bxf6 Qxf6 8. h3 Be6 9. Nd5 Qd8 10. Qe2 Na5 11. Bb3 c6 12. Nc3 Nxb3 13. axb3 O-O 14. O-O a6 15. Rad1 Qf6 16. Qd2 Bxh3 17. d4 exd4 18. Nxd4 Qg6 19. g3 Bxf1 20. Kxf1 Rfe8 21. Nf5 d5 22. Qf4 Qh5 23. Kg2 d4 24. Rh1 Qg5 25. Ne2 Qxf4 26. Nxf4 Rxe4 27. Nh5 Re5 28. g4 Bf8 29. f4 Rc5 30. Nxd4 Rd8 31. c3 Rxd4 32. cxd4 Rc2+ 33. Kf3 Rxb2 34. g5 Rxb3+ 35. Ke4 hxg5 36. fxg5 Be7 37. Rg1 Rb5 38. Nf6+ gxf6 39. gxf6+ Kf8 40. Rg8+ Kxg8 41. fxe7 f5+ 0-1

[Event "68th Warsaw-ch-A 2019"]
[Site "Warsaw"]
[Date "2019.11.15"]
[Round "4.7"]
[White "Kaminski, Jan"]
[Black "Jakubowska, Anna"]
[Result "0-1"]
[ECO "B13"]
[WhiteElo "2024"]
[BlackElo "2112"]
[Annotator "NA"]
[PlyCount "62"]
[EventDate "2019.11.14"]
[EventType "swiss"]
[EventCountry "POL"]
[SourceTitle "playchess.com"]
[Source "ChessBase"]
[SourceQuality "1"]
[TimeControl "5400+30"]

1. e4 c6 2. d4 d5 3. exd5 cxd5 4. Bd3 Nc6 5. c3 Nf6 6. Bf4 g6 7. Nd2 Bf5 8. Bxf5 gxf5 9. Ngf3 e6 10. Qc2 Be7 11. h3 Rg8 12. g3 Nh5 13. Be3 Qc7 14. O-O-O O-O-O 15. g4 f4 16. gxh5 fxe3 17. fxe3 f5 18. Rdg1 Bf6 19. c4 Rxg1+ 20. Rxg1 Qf7 21. cxd5 Rxd5 22. Ng5 Qe7 23. h4 f4 24. Qxh7 Rxg5 25. hxg5 Qxh7 26. gxf6 fxe3 27. Nc4 Nxd4 28. Rg6 Qxh5 29. Rg8+ Kd7 30. Rg7+ Kc6 31. Nxe3 Qe2 0-1

[Event "68th Warsaw-ch-A 2019"]
[Site "Warsaw"]
[Date "2019.11.15"]
[Round "4.8"]
[White "Malec, Sebastian"]
[Black "Liberadzki, Slawomir"]
[Result "1-0"]
[ECO "B46"]
[WhiteElo "2069"]
[BlackElo "1999"]
[Annotator "NA"]
[PlyCount "93"]
[EventDate "2019.11.14"]
[EventType "swiss"]
[EventCountry "POL"]
[SourceTitle "playchess.com"]
[Source "ChessBase"]
[SourceQuality "1"]
[TimeControl "5400+30"]

1. e4 c5 2. Nf3 e6 3. d4 cxd4 4. Nxd4 Nc6 5. Nc3 a6 6. Nxc6 dxc6 7. Qxd8+ Kxd8 8. Bf4 Bc5 9. Na4 Ba7 10. Rd1+ Bd7 11. Bd6 Nf6 12. f3 b5 13. Nc5 Ne8 14. Bf8 Bxc5 15. Bxc5 e5 16. g3 Kc7 17. h4 Rd8 18. Rh2 Nf6 19. Bd6+ Kc8 20. Bxe5 Be6 21. Rxd8+ Rxd8 22. Bxf6 gxf6 23. Bh3 Bxh3 24. Rxh3 Rd4 25. Ke2 Ra4 26. a3 b4 27. axb4 Ra2 28. Kd3 Rxb2 29. c3 Rf2 30. g4 h6 31. h5 Kd7 32. Ke3 Rc2 33. Kd4 Rf2 34. e5 fxe5+ 35. Kxe5 Ke7 36. g5 f6+ 37. gxf6+ Kf7 38. Rg3 Rc2 39. f4 Rc1 40. Kf5 Rc2 41. Rg7+ Kf8 42. Ra7 Rxc3 43. Kg6 Rg3+ 44. Kxh6 Rg4 45. f5 Rxb4 46. Kg5 c5 47. h6 1-0

[Event "68th Warsaw-ch-A 2019"]
[Site "Warsaw"]
[Date "2019.11.15"]
[Round "4.9"]
[White "Derylo, Kamil"]
[Black "Sliwerski, Radoslaw"]
[Result "1/2-1/2"]
[ECO "A06"]
[WhiteElo "1969"]
[BlackElo "2091"]
[Annotator "NA RC"]
[PlyCount "129"]
[EventDate "2019.11.14"]
[EventType "swiss"]
[EventCountry "POL"]
[SourceTitle "playchess.com"]
[Source "ChessBase"]
[SourceQuality "1"]
[TimeControl "5400+30"]

1. Nf3 d5 2. e3 e6 3. c4 Nf6 4. b3 Be7 5. Bb2 O-O 6. Nc3 b6 7. cxd5 exd5 8. d4 c5 9. Bd3 Nc6 10. dxc5 bxc5 11. O-O Bg4 12. Be2 Rc8 13. Rc1 Re8 14. h3 Bh5 15. Na4 Ne4 16. Nd2 Nxd2 17. Qxd2 Bxe2 18. Qxe2 Qa5 19. Qg4 g6 20. Rfd1 c4 21. Qf3 Red8 22. Qe2 Bf8 23. Bf6 Be7 24. Bxe7 Nxe7 25. Qd2 Nc6 26. Qxa5 Nxa5 27. b4 Nc6 28. a3 f5 29. Nc5 Kf7 30. f3 Ne5 31. Rd4 Nc6 32. Rd2 d4 33. exd4 Nxd4 34. Kf2 Nb5 35. Rxd8 Rxd8 36. a4 Nd6 37. f4 Re8 38. Kf3 Ne4 39. Nxe4 Rxe4 40. g4 Ke6 41. g5 Kd5 42. b5 Kc5 43. h4 Kb4 44. Rb1+ Kxa4 45. Ra1+ Kxb5 46. Rxa7 Kb6 47. Ra8 Re7 48. Rc8 Kb5 49. h5 gxh5 50. Kg3 Re3+ 51. Kh4 c3 52. Rc7 Kb4 53. Rxh7 c2 54. Rb7+ Kc3 55. g6 Re4 56. Rc7+ Rc4 57. Rxc4+ Kxc4 58. g7 c1=Q 59. g8=Q+ Kd4 60. Qg7+ Ke4 61. Qg2+ Kd4 62. Kg5 Qc8 63. Qd2+ Ke4 64. Qe2+ Kd4 65. Qd2+ {[%emt 0:00:04] Ke5} 1/2-1/2

[Event "68th Warsaw-ch-A 2019"]
[Site "Warsaw"]
[Date "2019.11.15"]
[Round "4.10"]
[White "Urbaniak, Karol"]
[Black "Sadowski, Miroslaw"]
[Result "0-1"]
[ECO "C41"]
[WhiteElo "1812"]
[BlackElo "1998"]
[Annotator "NA"]
[PlyCount "84"]
[EventDate "2019.11.14"]
[EventType "swiss"]
[EventCountry "POL"]
[SourceTitle "playchess.com"]
[Source "ChessBase"]
[SourceQuality "1"]
[TimeControl "5400+30"]

1. e4 d6 2. d4 Nf6 3. Nc3 e5 4. Nf3 Nbd7 5. Bc4 Be7 6. h3 c6 7. a4 a5 8. O-O O-O 9. Ba2 exd4 10. Nxd4 Nc5 11. Re1 Be6 12. Bf4 Bxa2 13. Rxa2 Ne6 14. Nxe6 fxe6 15. e5 Nd5 16. Nxd5 exd5 17. Qg4 dxe5 18. Bxe5 Bf6 19. Qd4 Bxe5 20. Rxe5 Qf6 21. Ra3 Rae8 22. f4 Rxe5 23. Qxe5 Qxf4 24. Qxf4 Rxf4 25. Rb3 Rb4 26. Re3 Rxb2 27. Re7 Rb4 28. Kf2 Rxa4 29. Rxb7 Rc4 30. Rb2 Kf7 31. Ke3 Ke6 32. Kd3 Rb4 33. Ra2 a4 34. c3 Re4 35. Ra1 h5 36. Kd2 g5 37. Kd3 Ke5 38. g3 h4 39. g4 Kf4 40. Rf1+ Kg3 41. Rf5 Kxh3 42. Rxg5 Rxg4 {[%emt 0:00:07] Kd4} 0-1

[Event "68th Warsaw-ch-A 2019"]
[Site "Warsaw"]
[Date "2019.11.16"]
[Round "5.1"]
[White "Kowalski, Igor"]
[Black "Jarmula, Lukasz"]
[Result "1/2-1/2"]
[ECO "D90"]
[WhiteElo "2346"]
[BlackElo "2466"]
[Annotator "ChessBase"]
[PlyCount "41"]
[EventDate "2019.11.14"]
[EventType "swiss"]
[EventCountry "POL"]
[SourceTitle "playchess.com"]
[Source "ChessBase"]
[SourceQuality "1"]
[TimeControl "5400+30"]

1. d4 Nf6 2. c4 g6 3. Nc3 d5 4. Nf3 Bg7 5. h4 dxc4 6. e4 c5 7. d5 b5 8. e5 Ng4 9. Nxb5 Qa5+ 10. Nc3 Nxe5 11. Nxe5 Bxe5 12. Bd2 O-O 13. Bxc4 Ba6 14. Na4 Qc7 15. Rc1 Bd4 16. O-O Bxc4 17. Rxc4 Qd6 18. Bc3 Bxc3 19. Nxc3 Nd7 20. Ne4 Qe5 21. Nxc5 1/2-1/2

[Event "68th Warsaw-ch-A 2019"]
[Site "Warsaw"]
[Date "2019.11.16"]
[Round "5.2"]
[White "Paprocki, Jaroslaw"]
[Black "Deszczynski, Adam"]
[Result "1/2-1/2"]
[ECO "E73"]
[WhiteElo "2184"]
[BlackElo "2291"]
[Annotator "NA"]
[PlyCount "41"]
[EventDate "2019.11.14"]
[EventType "swiss"]
[EventCountry "POL"]
[SourceTitle "playchess.com"]
[Source "ChessBase"]
[SourceQuality "1"]
[TimeControl "5400+30"]

1. d4 Nf6 2. c4 g6 3. Nc3 Bg7 4. e4 d6 5. Be2 c5 6. d5 e6 7. Bg5 h6 8. Be3 exd5 9. exd5 Qe7 10. h3 Bf5 11. Bd3 Ne4 12. Nge2 Nd7 13. O-O O-O 14. Bxe4 Bxe4 15. f3 Bf5 16. Qd2 Ne5 17. b3 Bd3 18. Bxh6 Bxh6 19. Qxh6 Bxe2 20. Nxe2 Nxc4 21. bxc4 1/2-1/2

[Event "68th Warsaw-ch-A 2019"]
[Site "Warsaw"]
[Date "2019.11.16"]
[Round "5.3"]
[White "Kozak, Antoni"]
[Black "Mickiewicz, Piotr"]
[Result "1-0"]
[ECO "E90"]
[WhiteElo "2350"]
[BlackElo "2216"]
[Annotator "ChessBase"]
[PlyCount "99"]
[EventDate "2019.11.14"]
[EventType "swiss"]
[EventCountry "POL"]
[SourceTitle "playchess.com"]
[Source "ChessBase"]
[SourceQuality "1"]
[TimeControl "5400+30"]

1. d4 Nf6 2. c4 g6 3. Nc3 Bg7 4. e4 d6 5. Nf3 O-O 6. h3 c5 7. d5 e6 8. Bd3 exd5 9. exd5 Re8+ 10. Be3 Bh6 11. O-O Bxe3 12. fxe3 Nbd7 13. Nb5 Ne5 14. Nxe5 Rxe5 15. Qf3 Kg7 16. Rf2 Qe7 17. Raf1 Bf5 18. e4 Nxe4 19. Bxe4 Rxe4 20. g4 Re3 21. Qf4 Bd3 22. Qxf7+ Kh6 23. Qf4+ Qg5 24. Rd1 Qxf4 25. Rxf4 Kg5 26. Rf2 Rxh3 27. Nxd6 Kxg4 28. Rg2+ Kh4 29. Nxb7 Be4 30. Nxc5 Bxg2 31. Kxg2 Rg3+ 32. Kf2 Rf8+ 33. Ke2 Rg2+ 34. Ke3 Kg4 35. Rd4+ Kg3 36. d6 Rxb2 37. Ne4+ Kg2 38. Ng5 Kf1 39. d7 Re2+ 40. Kd3 Ke1 41. c5 Rd2+ 42. Kc3 Rxa2 43. Ne6 Rb8 44. c6 Rb6 45. Re4+ Kf1 46. Rc4 Ra3+ 47. Kd4 Ra1 48. d8=Q Rd1+ 49. Ke5 Rb5+ 50. Kf6 1-0

[Event "68th Warsaw-ch-A 2019"]
[Site "Warsaw"]
[Date "2019.11.16"]
[Round "5.4"]
[White "Jakubowska, Anna"]
[Black "Mis, Mieszko"]
[Result "1/2-1/2"]
[ECO "B17"]
[WhiteElo "2112"]
[BlackElo "2328"]
[Annotator "NA"]
[PlyCount "74"]
[EventDate "2019.11.14"]
[EventType "swiss"]
[EventCountry "POL"]
[SourceTitle "playchess.com"]
[Source "ChessBase"]
[SourceQuality "1"]
[TimeControl "5400+30"]

1. e4 c6 2. d4 d5 3. Nc3 dxe4 4. Nxe4 Nd7 5. Ng5 Ngf6 6. Bd3 e6 7. N1f3 Bd6 8. Qe2 h6 9. Ne4 Nxe4 10. Qxe4 Nf6 11. Qe2 Qc7 12. Bd2 b6 13. O-O-O Bb7 14. Kb1 c5 15. dxc5 bxc5 16. Bb5+ Ke7 17. Bc3 Rhd8 18. Be5 Bxf3 19. Bxf6+ gxf6 20. Qxf3 Rab8 21. Bc4 Be5 22. c3 Qb6 23. b3 Qa5 24. Kb2 Qb4 25. Rxd8 Rxd8 26. Rc1 Qb6 27. Rd1 Rxd1 28. Qxd1 Qc6 29. Qf1 Qe4 30. h3 Qf4 31. Qe2 Qh2 32. Qf3 Qg1 33. Bb5 Kf8 34. Bc6 Qe1 35. Qe3 Qxe3 36. fxe3 f5 37. Kc2 Ke7 1/2-1/2

[Event "68th Warsaw-ch-A 2019"]
[Site "Warsaw"]
[Date "2019.11.16"]
[Round "5.6"]
[White "Sadowski, Miroslaw"]
[Black "Wiech, Grzegorz"]
[Result "0-1"]
[ECO "A45"]
[WhiteElo "1998"]
[BlackElo "2219"]
[Annotator "NA"]
[PlyCount "56"]
[EventDate "2019.11.14"]
[EventType "swiss"]
[EventCountry "POL"]
[SourceTitle "playchess.com"]
[Source "ChessBase"]
[SourceQuality "1"]
[TimeControl "5400+30"]

1. d4 Nf6 2. g3 c5 3. c3 d5 4. Bg2 e6 5. Nf3 Nc6 6. O-O Bd6 7. Nbd2 O-O 8. Qc2 cxd4 9. Nxd4 e5 10. Nxc6 bxc6 11. c4 Be6 12. b3 e4 13. Rd1 Ng4 14. Nf1 Qf6 15. Be3 Be5 16. Rab1 d4 17. Bf4 Bxf4 18. gxf4 Qxf4 19. Bxe4 Nxf2 20. Bf3 Nxd1 21. Rxd1 Rac8 22. b4 Rfd8 23. Ng3 c5 24. b5 d3 25. Rxd3 Rxd3 26. Qxd3 Qxc4 27. Qxc4 Bxc4 28. a4 Bb3 0-1

[Event "68th Warsaw-ch-A 2019"]
[Site "Warsaw"]
[Date "2019.11.16"]
[Round "5.7"]
[White "Sliwerski, Radoslaw"]
[Black "Poniewierski, Piotr"]
[Result "1-0"]
[ECO "D10"]
[WhiteElo "2091"]
[BlackElo "1858"]
[Annotator "NA"]
[PlyCount "89"]
[EventDate "2019.11.14"]
[EventType "swiss"]
[EventCountry "POL"]
[SourceTitle "playchess.com"]
[Source "ChessBase"]
[SourceQuality "1"]
[TimeControl "5400+30"]

1. d4 d5 2. c4 c6 3. cxd5 cxd5 4. Bf4 Nc6 5. Nc3 Nf6 6. e3 a6 7. Bd3 e6 8. Rc1 Bd6 9. Bxd6 Qxd6 10. Nf3 O-O 11. O-O e5 12. dxe5 Nxe5 13. Be2 Bg4 14. Nxe5 Bxe2 15. Nxf7 Bxd1 16. Nxd6 Bg4 17. h3 Bd7 18. Rfd1 b5 19. Nxd5 Nxd5 20. Rxd5 Be6 21. Rd4 Bxa2 22. b4 h6 23. Rc7 Rf6 24. f3 Bb3 25. Rc3 Bf7 26. Ra3 Be8 27. Ne4 Rc6 28. Rd6 Rxd6 29. Nxd6 Bc6 30. Rc3 Bd7 31. Rc7 Be6 32. Re7 Bb3 33. Re8+ Rxe8 34. Nxe8 Bd5 35. e4 Bb7 36. Kf2 Kf8 37. Nd6 Bc6 38. Ke3 Ke7 39. Nf5+ Kf6 40. Nd4 Bb7 41. Nb3 g5 42. Nc5 Bc8 43. Kd4 h5 44. g4 hxg4 45. hxg4 1-0

[Event "68th Warsaw-ch-A 2019"]
[Site "Warsaw"]
[Date "2019.11.16"]
[Round "5.8"]
[White "Praczukowski, Stanislaw"]
[Black "Cyra, Dariusz"]
[Result "1-0"]
[ECO "B01"]
[WhiteElo "2069"]
[BlackElo "1818"]
[Annotator "NA"]
[PlyCount "63"]
[EventDate "2019.11.14"]
[EventType "swiss"]
[EventCountry "POL"]
[SourceTitle "playchess.com"]
[Source "ChessBase"]
[SourceQuality "1"]
[TimeControl "5400+30"]

1. e4 d5 2. exd5 Nf6 3. d4 Bg4 4. Nf3 Qxd5 5. Be2 Nc6 6. O-O O-O-O 7. Be3 Qf5 8. c4 e6 9. Nbd2 Bd6 10. h3 h5 11. Qa4 g5 12. c5 Bf4 13. Bb5 Nb8 14. c6 Bxh3 15. cxb7+ Kxb7 16. Ne5 Bxg2 17. Kxg2 Bxe5 18. dxe5 Qg4+ 19. Qxg4 Nxg4 20. Nf3 Nxe3+ 21. fxe3 g4 22. Nd4 Kb6 23. Be2 c5 24. Nb3 Nc6 25. Rxf7 Nxe5 26. Rf6 Rd6 27. Rc1 Nd7 28. Rg6 Ne5 29. Rg5 Nd7 30. Nxc5 Nxc5 31. Rgxc5 Rd2 32. Rb5+ 1-0

[Event "68th Warsaw-ch-A 2019"]
[Site "Warsaw"]
[Date "2019.11.16"]
[Round "5.9"]
[White "Piotrowski, Arkadiusz"]
[Black "Kaminski, Jan"]
[Result "0-1"]
[ECO "A47"]
[WhiteElo "1962"]
[BlackElo "2024"]
[Annotator "NA"]
[PlyCount "74"]
[EventDate "2019.11.14"]
[EventType "swiss"]
[EventCountry "POL"]
[SourceTitle "playchess.com"]
[Source "ChessBase"]
[SourceQuality "1"]
[TimeControl "5400+30"]

1. d4 Nf6 2. Nf3 b6 3. g3 Bb7 4. Bg2 e6 5. O-O c5 6. c3 Be7 7. Bf4 d5 8. Ne5 O-O 9. Bg5 Nc6 10. f4 cxd4 11. cxd4 Nxd4 12. Bxf6 gxf6 13. Ng4 Nf5 14. Qd3 Bc5+ 15. Kh1 h5 16. Nf2 Ne3 17. b4 Nxg2 18. Kxg2 d4+ 19. Kh3 Bxb4 20. g4 Qd5 21. Qg3 h4 22. Qg1 Kg7 23. Nd3 Bc3 24. Nxc3 dxc3 25. Rac1 Qxa2 26. g5 Qd5 27. f5 Rg8 28. Qg4 Kf8 29. Nf4 Qe5 30. g6 exf5 31. Qh5 Qe3+ 32. Kxh4 Ke7 33. gxf7 Rg4+ 34. Qxg4 fxg4 35. Kh5 Kxf7 36. Rcd1 Rh8+ 37. Kxg4 Bc8+ {[%emt 0:00:12] Ra1} 0-1